 Dungeon Crawl Stone Soup version 0.17-a0-1575-g9a29ec8 (webtiles) character file.

216 Tobbichi the Poker (level 5, -6/42 HPs)
             Began as a Minotaur Gladiator on July 26, 2015.
             Was an Initiate of Okawaru.
             Killed by nerve-wracking pain
             ... invoked by Grinder
              (14 damage)
             ... while paralysed by Grinder
             ... on level 3 of the Dungeon.
             The game lasted 00:12:09 (2366 turns).

Tobbichi the Poker (Minotaur Gladiator)             Turns: 2366, Time: 00:12:09

Health: -6/42      AC:  5    Str: 21    XL:     5   Next: 61%
Magic:  4/4        EV:  2    Int:  5    God:    Okawaru [......]
Gold:   178        SH:  0    Dex: 10    Spells: 0 memorised, 4 levels left

rFire  + + .     SeeInvis .     a - +0 trident
rCold  . . .     Clarity  .     n - +2 leather armour {rF+}
rNeg   . . .     SustAt   .     (no shield)
rPois  .         Gourm    .     c - +0 hat
rElec  .         Spirit   .     (no cloak)
rCorr  .         Warding  .     (no gloves)
rMut   .         Stasis   .     (no boots)
MR     .....                    (no amulet)
Stlth  +.........               (no ring)
                                l - ring of protection from fire

@: paralysed, not resistant to hostile enchantments, very unstealthy
A: retaliatory headbutt, horns 2
a: Renounce Religion


You were on level 3 of the Dungeon.
You worshipped Okawaru.
Okawaru was noncommittal.
You were hungry.

You visited 1 branch of the dungeon, and saw 3 of its levels.

You collected 178 gold pieces.

Inventory:

Hand weapons
 a - a +0 trident (weapon)
Missiles
 d - 2 throwing nets (quivered)
 m - 87 stones
Armour
 b - a +0 leather armour
 c - a +0 hat (worn)
 n - a +2 leather armour of fire resistance (worn)
Jewellery
 l - a ring of protection from fire (left hand)
Scrolls
 f - 2 scrolls of identify
 h - a scroll of amnesia {unknown}
 i - a scroll of enchant armour {unknown}
 k - a scroll of teleportation
 o - 3 scrolls of enchant weapon {unknown}
Potions
 g - a potion of heal wounds {unknown}
 j - 3 potions of curing
Comestibles
 e - 3 bread rations
 q - 2 meat rations


   Skills:
 - Level 2.4 Fighting
 + Level 7.7 Polearms
 - Level 2.0 Throwing
 - Level 3.2 Dodging


You had 4 spell levels left.
You didn't know any spells.

Dungeon Overview and Level Annotations

Branches:
Dungeon (3/15)

Altars:
Elyvilon
Nemelex Xobeh
Okawaru

Annotations:
D:3 Grinder


Innate Abilities, Weirdness & Mutations

You reflexively headbutt those who attack you in melee.
You have a pair of horns on your head.


Message History

You reach to attack!
You barely miss Grinder. You hit Grinder.
Grinder is lightly wounded.
Grinder gestures at you.
You barely resist. You hit Grinder but do no damage.
Grinder is lightly wounded.
Grinder gestures at you.
You suddenly lose the ability to move!
Grinder hits you.
You writhe in agony.
Grinder gestures at you. Pain shoots through your body!
Grinder gestures at you. Pain shoots through your body!
* * * LOW HITPOINT WARNING * * *
Grinder gestures.
Grinder blinks!
Grinder gestures at you. Pain shoots through your body!
You die...

######.# ..# #†# ..#
#.# ..# #.###### ..#
#......# ..#########.#
..........#.#
#######.###.##########
# #...).@....# #
#######§####
#######... .#
##......# 5#
†........# .#
.........# .#
.........# ##
.........# .........#


You could see Grinder.

Vanquished Creatures
  Purgy (D:3)
  Ijyb (D:2)
  4 adders (D:2)
  An orc (D:3)
  3 bats (D:2)
  4 giant cockroaches
  7 hobgoblins
  3 quokkas
  3 ball pythons
  2 giant geckos (D:1)
  A giant newt (D:2)
  10 goblins
  3 jackals (D:2)
  6 kobolds
  4 rats
53 creatures vanquished.

Notes
Turn   | Place    | Note
--------------------------------------------------------------
     0 | D:1      | Tobbichi the Minotaur Gladiator began the quest for the Orb.
     0 | D:1      | Reached XP level 1. HP: 18/18 MP: 0/0
   253 | D:1      | Reached skill level 4 in Polearms
   333 | D:1      | Reached XP level 2. HP: 23/25 MP: 1/1
   754 | D:2      | Noticed Ijyb
   776 | D:2      | Killed Ijyb
   776 | D:2      | Reached skill level 5 in Polearms
   776 | D:2      | Reached XP level 3. HP: 21/30 MP: 2/2
   954 | D:2      | Reached skill level 6 in Polearms
   954 | D:2      | Reached XP level 4. HP: 14/37 MP: 3/3
  1417 | D:2      | Found an iron altar of Okawaru.
  1417 | D:2      | Found a white marble altar of Elyvilon.
  1418 | D:2      | Found a sparkling altar of Nemelex Xobeh.
  1430 | D:2      | Became a worshipper of Warmaster Okawaru
  2199 | D:3      | Noticed Purgy
  2209 | D:3      | Killed Purgy
  2209 | D:3      | Reached skill level 7 in Polearms
  2209 | D:3      | Reached XP level 5. HP: 35/42 MP: 4/4
  2357 | D:3      | Noticed Grinder
  2361 | D:3      | Paralysed by Grinder for 6 turns
  2366 | D:3      | Killed from afar by Grinder

Vault maps used:
D:1:      dpeg_arrival_rooms_b
D:2:      gammafunk_temple_overflow_claw, uniq_iyjb
D:3:      first_bread, kennysheep_generic_room_8, uniq_grinder, uniq_purgy

Action                   |  1- 3 |  4- 6 || total
-------------------------+-------+-------++-------
Melee: Trident           |    74 |    79 ||   153
Throw: Throwing net      |     1 |     1 ||     2
  Use: Scroll            |       |     7 ||     7
       Potion            |       |     2 ||     2
  Eat: Chunk             |       |     4 ||     4
